 Dungeon Crawl Stone Soup version 0.26-a0-1139-g7d2dc893a1 (webtiles) character file.

Game seed: 6356398980275814662

694 sahdkjhfkaj the Digger (level 7, -2/36 HPs)
             Began as a Gargoyle Earth Elementalist on Dec 21, 2020.
             Was a Follower of Dithmenos.
             Slain by a quokka (3 damage)
             ... on level 4 of the Dungeon.
             The game lasted 00:08:59 (5595 turns).

sahdkjhfkaj the Digger (GrEE)                       Turns: 5595, Time: 00:09:00

Health: -2/36      AC:  6    Str: 17    XL:     7   Next: 64%
Magic:  0/15       EV: 12    Int: 21    God:    Dithmenos [*.....]
Gold:   226        SH:  0    Dex: 10    Spells: 4/17 levels left

rFire    . . .     SeeInvis .   a - +2 dagger (elec)
rCold    . . .     Faith    .   (no shield)
rNeg     + . .     Spirit   +   c - +0 robe
rPois    ∞         Reflect  .   r - +0 hat {Int+3}
rElec    +         Harm     .   (no cloak)
rCorr    .         Rampage  .   (no gloves)
Will     .....                  (no boots)
Stlth    ++........             k - amulet of guardian spirit
HPRegen  0.12/turn              m - +6 ring of strength
MPRegen  0.14/turn              (no ring)

@: very slightly contaminated, wreathed by umbra
A: negative energy resistance 1, electricity resistance, unbreathing,
petrification resistance, miasma immunity, AC +4
a: Renounce Religion


You were on level 4 of the Dungeon.
You worshipped Dithmenos.
Dithmenos was aware of your devotion.
You visited 1 branch of the dungeon, and saw 4 of its levels.

You collected 226 gold pieces.

Inventory:

Hand Weapons
 a - a +2 dagger of electrocution (weapon)
Missiles
 b - 177 stones
Armour
 c - a +0 robe (worn)
 r - a +0 hat of intelligence (worn)
Jewellery
 k - an amulet of guardian spirit (around neck)
 m - a +6 ring of strength (left hand)
 o - an uncursed ring of ice {unknown}
Scrolls
 g - a scroll of identify
 h - a scroll of blinking
 l - a scroll of immolation {unknown}
 n - a scroll of remove curse
 q - a scroll of magic mapping {unknown}
Potions
 d - 2 potions of curing {unknown}
 e - 2 potions of attraction {unknown}
 f - a potion of mutation {unknown}
 i - 3 potions of might {unknown}
 j - a potion of brilliance {unknown}
 p - 2 potions of lignification {unknown}
 s - a potion of resistance {unknown}


   Skills:
 - Level 1.5 Dodging
 - Level 2.1 Stealth
 + Level 5.7 Spellcasting
 - Level 0.7 Transmutations
 + Level 7.6 Earth Magic


You had 4 spell levels left.
You knew the following spells:

 Your Spells              Type           Power        Failure   Level
a - Sandblast             Erth           76%          1%          1
b - Stone Arrow           Conj/Erth      44%          6%          3
d - Petrify               Tmut/Erth      23%          19%         4
e - Lee's Rapid Deconstr  Erth           19%          12%         5

Your spell library contained the following spells:

 Spells                   Type           Power        Failure   Level
 Passwall                 Tmut/Erth      19%          2%          2
 Apportation              Tloc           10%          10%         1


Dungeon Overview and Level Annotations

Branches:
Dungeon (4/15)             Temple (0/1) D:4

Altars:
Dithmenos
Hepliaklqana
Trog
Wu Jian


Innate Abilities, Weirdness & Mutations

You are resistant to torment.
Your stone body is resilient. (AC +4)
You are immune to poison.
You resist negative energy. (rN+)
You are resistant to electric shocks. (rElec)
You can survive without breathing.
You are immune to petrification.
You are immune to miasma.


Message History

You are very lightly contaminated with residual magic.
Nothing appears to happen.
The ogre closely misses you.
Unknown command.
Unknown command.
Casting: Stone Arrow (dangerous; 6% risk of failure)
Confirm with . or Enter, or press ? or * to list all spells.
Aiming: Stone Arrow (dangerous; 6% risk of failure)
Press: ? - help, Shift-Dir - straight line, f/p - ogre
Aim: an ogre, wielding a +0 giant club (umbra, 14% to evade)
The stone arrow hits the ogre!
The ogre is moderately wounded.
The ogre hits you with a +0 giant club!!
Ouch! That really hurt!
* * * LOW HITPOINT WARNING * * *
Unknown command.
As you read the scroll labelled EGOYTZ TEMAVEUK, it crumbles to dust.
It is a scroll of identify.
h - a scroll of blinking The quokka bites you.
You die...

###....# #......## ###
####.......##
##..##.##........##
#....#..##........#
#.................##
#.....#..O.........#
#......##.#r....#..##
.........######.@...#.##
....#........#..#....###
..###..? ....###..##.##
..##.. ###...###.....#
##.##.. ###....##......#
##..##
###......>......##
###..###.#....#.......##
.##...........##......#
.#.............#...#..#


You could see an ogre and a quokka.

Vanquished Creatures
  Edmund (D:4)
  A centaur (D:4)
  A scorpion (D:4)
  2 hounds (D:4)
  2 orc priests (D:3)
  An iguana (D:4)
  Jessica (D:3)
  3 worker ants (D:4)
  An orc wizard (D:3)
  9 adders
  An adder skeleton (D:4)
  A worm (D:3)
  2 dart slugs (D:1)
  2 leopard geckos (D:1)
  10 orcs
  8 bats
  5 giant cockroaches
  3 goblins
  11 hobgoblins
  3 jackals (D:3)
  4 quokkas
  8 frilled lizards
  9 kobolds
  9 rats
98 creatures vanquished.

Notes
Turn   | Place    | Note
-------+----------+-------------------------------------------
     0 | D:1      | sahdkjhfkaj the Gargoyle Earth Elementalist began the quest
                  | for the Orb.
     0 | D:1      | Reached XP level 1. HP: 10/10 MP: 3/3
   254 | D:1      | Reached XP level 2. HP: 15/15 MP: 3/5
   513 | D:1      | Reached skill level 4 in Earth Magic
   590 | D:1      | Reached XP level 3. HP: 19/19 MP: 4/7
  1164 | D:1      | Learned a level 3 spell: Stone Arrow
  1597 | D:2      | Reached XP level 4. HP: 23/24 MP: 0/8
  1678 | D:2      | Found a bloodstained altar of Trog.
  1678 | D:2      | Found a shadowy altar of Dithmenos.
  1824 | D:2      | Became a worshipper of Dithmenos the Shadowed
  2766 | D:3      | Reached skill level 5 in Earth Magic
  2995 | D:3      | Reached XP level 5. HP: 28/28 MP: 3/10
  3316 | D:3      | Reached * piety under Dithmenos
  3498 | D:3      | Found an ornate altar of the Wu Jian Council.
  3678 | D:3      | Noticed Jessica
  3686 | D:3      | Killed Jessica
  3800 | D:3      | Identified Jessica's Catalogue of Orientation
  3825 | D:3      | Found a hazy altar of Hepliaklqana.
  4103 | D:4      | Noticed a centaur
  4110 | D:3      | Reached skill level 6 in Earth Magic
  4110 | D:3      | Reached XP level 6. HP: 27/32 MP: 10/12
  4178 | D:3      | Learned a level 5 spell: Lee's Rapid Deconstruction
  4472 | D:4      | Reached skill level 5 in Spellcasting
  4550 | D:4      | Reached XP level 7. HP: 36/36 MP: 14/14
  4729 | D:4      | Reached skill level 7 in Earth Magic
  5008 | D:4      | Noticed Edmund
  5254 | D:3      | Learned a level 4 spell: Petrify
  5307 | D:4      | Killed Edmund
  5563 | D:4      | Found a staircase to the Ecumenical Temple.
  5591 | D:4      | HP: 1/36 [ogre/+0 giant club (20)]
  5595 | D:4      | Slain by a quokka

Illustrated notes

Levels and vault maps discovered:
D:1:      sevenhm_arrival_forest_fort_large_1, layout_loops_ring,
          serial_bayou_crossing
D:2:      layout_basic, gammafunk_temple_overflow_statue,
          chequers_hall_statues_wall_a
D:3:      kennysheep_six_static_rooms, layout_loops_ring, old_standard_altar,
          lemuel_coloured_pillars_altar, kennysheep_cluttered_room,
          kennysheep_donut, kennysheep_jessica_study
D:4:      layout_cave_pools, overflow_temple_1_default,
          minmay_temple_entry_tees, minmay_misc_feat_rugged, uniq_edmund

Skill      XL: |  1  2  3  4  5  6  7 |
---------------+----------------------+-----
Earth Magic    | 4 5 6 7 |  7.6
Spellcasting   | 3 4 5 |  5.7
Dodging        | |  1.5
Stealth        | |  2.1
Transmutations | |  0.7

Action                   |  1- 3 |  4- 6 |  7- 9 || total
-------------------------+-------+-------+-------++-------
Melee: Unarmed           |    19 |    31 |       ||    50
       Dagger            |       |   145 |    38 ||   183
Throw: Stone             |     1 |       |       ||     1
 Cast: Sandblast         |    36 |     9 |     2 ||    47
       Stone Arrow       |     5 |    15 |    17 ||    37
       Petrify           |       |       |     3 ||     3
  Use: Scroll            |       |     1 |     1 ||     2
 Stab: Sleeping          |     1 |     4 |       ||     5
Armor: Robe              |    14 |    69 |    16 ||    99
Dodge: Dodged            |    31 |   130 |    46 ||   207

Table legend: (Time is in decaauts)
 A = Elapsed time spent in this place.
 B = Non-inter-level travel time spent in this place.
 C = Inter-level travel time spent in this place.
 D = Time resting spent in this place.
 E = Time spent auto-exploring this place.
 F = Levels seen in this place.
 G = Mean time per level.
                   A        B        C        D        E       F      G
               +--------+--------+--------+--------+--------+-----+--------+
         Total |   5615 |   5422 |    193 |   1035 |   3566 |   4 | 1403.8 |
       Dungeon |   5615 |   5422 |    193 |   1035 |   3566 |   4 | 1403.8 |
               +--------+--------+--------+--------+--------+-----+--------+

Top non-repeatable levels by time:
     D:3: 1932 daAuts
     D:1: 1410 daAuts
     D:2: 1242 daAuts
     D:4: 1030 daAuts
